 Dungeon Crawl Stone Soup version 0.30-a0-777-ga9a30cbeda (webtiles) character file.

Game seed: 6420456452067997201

14 flotson the Sneak (level 2, -10/24 HPs)
             Began as a Demonspawn Delver on Feb 14, 2023.
             Shot with an arrow by a centaur (12 damage)
             ... on level 5 of the Dungeon.
             The game lasted 00:01:10 (280 turns).

flotson the Sneak (Demonspawn Delver)                Turns: 280, Time: 00:01:10

Health: -10/24     AC:  3    Str: 12    XL:     2   Next: 31%
Magic:  2/2        EV: 11    Int: 11    God:
Gold:   9          SH:  0    Dex: 14    Spells: 1/1 levels left

rFire   . . .      SeeInvis .    a - +0 hand axe
rCold   . . .      Faith    .    (no shield)
rNeg    . . .      Spirit   .    b - +0 leather armour
rPois   .          Reflect  .    (no helmet)
rElec   .          Harm     .    (no cloak)
rCorr   .          Rampage  .    (no gloves)
Will    .....                    (no boots)
Stlth   +++                      (no amulet)
HPRegen 0.24/turn                (no ring)
MPRegen 0.16/turn                (no ring)

@: hasted, very quick
A: magic regeneration
a: no special abilities


You were on level 5 of the Dungeon.
You visited 1 branch of the dungeon, and saw 1 of its levels.

You collected 9 gold pieces.

Inventory:

Hand Weapons
 a - a +0 hand axe (weapon)
Armour
 b - a +0 leather armour (worn)
Wands
 g - a wand of digging (3)
Scrolls
 c - a scroll of fog
 h - a scroll of immolation {unknown}
 i - a scroll of teleportation {unknown}
 j - a scroll of enchant weapon {unknown}


   Skills:
 + Level 3.1 Fighting
 + Level 1.9 Axes
 + Level 0.5 Armour
 + Level 1.9 Dodging
 + Level 4.6 Stealth
 + Level 0.5 Evocations


You had one spell level left.
You didn't know any spells.
Your spell library was empty.

Dungeon Overview and Level Annotations

Branches:
Dungeon (5/15)
 Temple: D:4-7

Altars:
Okawaru


Innate Abilities, Weirdness & Mutations

You regenerate magic rapidly.


Message History

The ufetubus is severely wounded.
The ufetubus misses you. The ufetubus hits you.
* * * LOW HITPOINT WARNING * * *
You hit the ufetubus.
You kill the ufetubus!
You open the door.
There is an open door here.
You open the door.
An adder comes into view.
A wyvern comes into view.
The adder hisses angrily.
As you read the scroll of fear, it crumbles to dust.
You assume a fearsome visage.
The adder looks frightened!
The wyvern looks frightened!
As you read the scroll of magic mapping, it crumbles to dust.
You feel aware of your surroundings.
You sensed 3 altars.
You close the door.
You open the door.
There is an open door here.
You open the door.
There is an open door here.
An iguana, a hound and a centaur come into view.
Found a stone staircase leading up.
The centaur shouts!
The centaur wields a +0 shortbow.
The centaur shoots an arrow.
The arrow hits you!
The iguana moves out of view.
The hound barks!
Okay, then.
Unknown command.
You feel yourself speed up. The hound bites you.
The centaur unwields a +0 shortbow.
The centaur closely misses you. The centaur barely misses you.
The hound bites you. The centaur hits you.
* * * LOW HITPOINT WARNING * * *
The centaur barely misses you. The hound bites you.
* * * LOW HITPOINT WARNING * * *
The centaur closely misses you. x2
The centaur wields a +0 shortbow.
The centaur shoots an arrow.
The arrow hits you!
Ouch! That really hurt!
You die...

*,,,,,,#....####...**,,
*,,,,,*#....#*,,....+,,
*,,,,,*##'####,,....#*,
##+#####.....#,,.....#,
#......#.....+,,..Sl.#*
#......#....##,,.....#,
#......#....#*,,,,,,**,
#...l..#....#*,,,,,,+,,
#.....@#....#***,,,**,,
#......#....#,,*+*,*,,,
#....ch#....#,,,,*****,
#......#'##.#,,,,,,,,*+
##........#.#*******,,,
#........#..,,,* ****
#........#...,,*
#........#,...,*
#........#,,...*


You could see a centaur, an iguana and a hound.

Vanquished Creatures
  An adder (D:5)
  An ufetubus (D:5)
2 creatures vanquished.

Notes
Turn   | Place    | Note
-------+----------+-------------------------------------------
     0 | D:5      | flotson the Demonspawn Delver began the quest for the Orb.
     0 | D:5      | Reached XP level 1. HP: 18/18 MP: 1/1
    29 | D:5      | Found an iron altar of Okawaru.
    49 | D:5      | Gained mutation: You regenerate magic rapidly. [demonic
                  | ancestry]
    49 | D:5      | Reached XP level 2. HP: 15/24 MP: 2/2
   227 | D:5      | Noticed a wyvern
   275 | D:5      | Noticed a centaur
   278 | D:5      | HP: 1/24 [hound (5)]
   280 | D:5      | Shot with an arrow by a centaur

Illustrated notes

Levels and vault maps discovered:
D:5:      nicolae_cairo_tiling_very_big, layout_gridville, marbit_many_paths,
          okawaru_trees_2, nemelex_xobeh_ov_fountains_minmay,
          cheibriados_altar_1, grunt_decor_junction, uniq_ijyb

Action                     || total
---------------------------++-------
  Melee: Hand axe          ||    12
    Use: Scroll            ||     2
         Potion            ||     1
   Stab: Sleeping          ||     1
 Armour: Leather armour    ||     4
  Dodge: Dodged            ||    16

Table legend: (Time is in decaauts)
 A = Elapsed time spent in this place.
 B = Non-inter-level travel time spent in this place.
 C = Inter-level travel time spent in this place.
 D = Time resting spent in this place.
 E = Time spent auto-exploring this place.
 F = Levels seen in this place.
 G = Mean time per level.
                   A        B        C        D        E       F      G
               +--------+--------+--------+--------+--------+-----+--------+
         Total |    281 |    281 |      0 |      0 |    198 |   1 |  281.0 |
       Dungeon |    281 |    281 |      0 |      0 |    198 |   1 |  281.0 |
               +--------+--------+--------+--------+--------+-----+--------+

Top non-repeatable levels by time:
     D:5: 281 daAuts
